AoeStats
← prontoelpibe

Arabia

509612526Analyzed
1v1 RM · 4d ago on Sep 27, 2026· 48m 54s· 2 players
Game mode
Random Map
Map size
Tiny (2 player)
Population
200
Speed
Normal
Resources
Standard
Victory
Conquest
Starting age
Dark Age
Ending age
Imperial Age
RankedLock teamsTeams togetherTeam positionsShared explorationLock speedFull tech treeHidden civsTurbo modeCheats
Victory
Defeat
🇺🇸 Hindustanis · United States
635
+14
🇺🇾 Dravidians · Uruguay
593
-14
prontoelpibe
3:58 Loom
12:11 Feudal Age
13:15 Town Watch
13:24 Double-Bit Axe
13:23 Horse Collar
13:36 Gold Mining
17:47 Fletching
26:52 Castle Age
28:11 Scale Barding Armor
28:17 Forging
31:45 Arson
32:52 Crossbowman
44:31 Imperial Age
44:56 Ballistics
46:28 Chemistry
46:08 Padded Archer Armor
ChunkySailor
12:02 Feudal Age
12:28 Horse Collar
13:44 Man-at-Arms
17:06 Wheelbarrow
18:31 Wheelbarrow
20:07 Double-Bit Axe
23:04 Forging
26:06 Castle Age
23:56 Loom
26:12 Castle Age
26:23 Castle Age
29:31 Iron Casting
29:00 Squires
30:54 Pikeman
34:53 Scale Mail Armor
45:26 Imperial Age
43:16 Hand Cart
47:48 Chemistry
47:09 Bow Saw
47:08 Siege Elephant
Connection lost

Rejoining the realm…

Still unreachable

The connection could not be restored.

Session expired

The server has moved on; the page needs a fresh start.